 Dungeon Crawl Stone Soup version 0.19-a0-36-g4a0968a (webtiles) character file.

96 M4edhros the Insei (level 4, -8/34 HPs)
             Began as a Vampire Monk on May 3, 2016.
             Mangled by an ogre
             ... wielding a +0 giant club
              (11 damage)
             ... on level 4 of the Dungeon.
             The game lasted 00:04:07 (979 turns).

M4edhros the Insei (Vampire Monk)                    Turns: 979, Time: 00:04:09

Health: -8/34      AC:  3    Str: 11    XL:     4   Next: 41%
Magic:  4/4        EV: 13    Int: 12    God:
Gold:   40         SH:  0    Dex: 16    Spells: 0 memorised, 3 levels left

rFire  . . .     SeeInvis +       - Unarmed
rCold  . . .     Gourm    .     a - +0 robe
rNeg   . . .     Faith    .     (no shield)
rPois  .         Spirit   .     (no helmet)
rElec  .         Dismiss  .     (no cloak)
rCorr  .         Reflect  .     f - +0 pair of gloves
SustAt .         Harm     .     (no boots)
MR     .....                    (no amulet)
Stlth  +++.......               (no ring)
                                (no ring)

@: regenerating quickly, not resistant to hostile enchantments, fairly stealthy
A: fangs 3, see invisible, unbreathing
a: no special abilities


You were on level 4 of the Dungeon.
You were very full.

You visited 1 branch of the dungeon, and saw 4 of its levels.

You collected 40 gold pieces.

Inventory:

Hand Weapons
 g - a +1 spear of freezing
Missiles
 h - a throwing net (quivered)
Armour
 a - a +0 robe (worn)
 f - a +0 pair of gloves (worn)
Scrolls
 b - a scroll of identify
 d - 2 scrolls of immolation
Potions
 c - 7 potions of blood


   Skills:
 - Level 2.6 Fighting
 - Level 3.2 Dodging
 - Level 3.0 Stealth
 + Level 6.5 Unarmed Combat


You had 3 spell levels left.
You didn't know any spells.

Dungeon Overview and Level Annotations

Branches:
Dungeon (4/15)
 Temple: D:4-7

Altars:
Fedhas
Gozag
Vehumet


Innate Abilities, Weirdness & Mutations

Your natural rate of healing is unusually fast.
You have razor-sharp teeth.
You have supernaturally acute eyesight.
You can survive without breathing.


Message History

The ogre hits you with a giant club!!
Ouch! That really hurt!
Drink which item? (? for menu, Esc to quit)
You feel better. The ogre barely misses you.
You hit the ogre but do no damage. You bite the ogre.
The ogre is moderately wounded.
You barely miss the ogre. You punch the ogre.
The ogre is heavily wounded.
The ogre hits you with a giant club!
Ouch! That really hurt!
* * * LOW HITPOINT WARNING * * *
Drink which item? (? for menu, Esc to quit)
You feel better. The ogre hits you with a giant club!
* * * LOW HITPOINT WARNING * * *
You punch the ogre! You bite the ogre.
The ogre is severely wounded.
You hit the ogre but do no damage.
The ogre is severely wounded.
The ogre hits you with a giant club!
You die...

## .# .# .. .##...# .#
.. ...### .# .###....
### .# .#....###.#.# .#
.#........#.# ###.#
<#.....## #.###$..###.##
#.%..#..###.....@O......
#....'............###.##
.....##..##....[#.#
#....###........+.#
+....# #........#.#
#...............#.#
#.#.#.###.......#.#
..#.#.# #.#..####.#
..#.#.# #....#


You could see an ogre.

Vanquished Creatures
  3 gnolls (D:3)
  3 adders
  2 worms (D:3)
  2 giant geckos (D:2)
  A ball python (D:3)
  3 bats
  A giant cockroach (D:2)
  2 goblins (D:2)
  5 hobgoblins
  4 kobolds (D:2)
  3 quokkas
  2 giant newts
  4 rats
35 creatures vanquished.

Notes
Turn   | Place    | Note
--------------------------------------------------------------
     0 | D:1      | M4edhros the Vampire Monk began the quest for the Orb.
     0 | D:1      | Reached XP level 1. HP: 17/17 MP: 1/1
   228 | D:2      | Reached XP level 2. HP: 19/23 MP: 2/2
   441 | D:2      | Reached skill level 5 in Unarmed Combat
   663 | D:3      | Reached XP level 3. HP: 25/28 MP: 3/3
   864 | D:3      | Reached skill level 6 in Unarmed Combat
   868 | D:3      | Reached XP level 4. HP: 17/34 MP: 4/4
   895 | D:3      | Found a radiant altar of Vehumet.
   895 | D:3      | Found an opulent altar of Gozag.
   896 | D:3      | Found a blossoming altar of Fedhas.
   969 | D:4      | Noticed an ogre
   979 | D:4      | Mangled by an ogre

Vault maps used:
D:1:      dpeg_arrival_water_fire
D:2:      first_bread, amalloy_card_club
D:3:      gammafunk_temple_overflow_claw
D:4:      zin_scriptorium, minitemple

Skill      XL: |  1  2  3 |
---------------+----------+-----
Unarmed Combat | 5 6 |  6.5
Fighting       | |  2.6
Dodging        | |  3.2
Stealth        | |  3.0

Action                   |  1- 3 |  4- 6 || total
-------------------------+-------+-------++-------
Melee: Unarmed           |    76 |    18 ||    94
       Punch             |     4 |     2 ||     6
       Bite              |     7 |     4 ||    11
       Spear             |    18 |       ||    18
  Use: Potion            |    11 |     2 ||    13
       Scroll            |     1 |     1 ||     2
 Stab: Sleeping          |    11 |       ||    11
Armor: Robe              |     8 |     1 ||     9
Dodge: Dodged            |    53 |     5 ||    58
